AoeStats
← Kaphar

Arabia

505529357Analyzed
1v1 RM · 23d ago on Sep 9, 2026· 63m 21s· 2 players
Game mode
Random Map
Map size
Tiny (2 player)
Population
200
Speed
Normal
Resources
Standard
Victory
Conquest
Starting age
Dark Age
Ending age
Imperial Age
RankedLock teamsTeams togetherTeam positionsShared explorationLock speedFull tech treeHidden civsTurbo modeCheats
Victory
Defeat
🇷🇴 Ethiopians · Romania
937
+14
🇩🇪 Malians · Germany
902
-14
Kaphar
10:27 Feudal Age
8:46 Loom
10:31 Feudal Age
16:54 Stone Mining
16:52 Double-Bit Axe
19:49 Castle Age
17:44 Gold Mining
17:37 Horse Collar
21:44 Fletching
22:12 Bow Saw
28:12 Imperial Age
25:49 Crossbowman
29:34 Ballistics
30:40 Chemistry
31:11 Wheelbarrow
32:43 Conscription
34:11 Two-Man Saw
34:14 Bodkin Arrow
34:19 Padded Archer Armor
33:43 Arbalester
34:31 Thumb Ring
35:39 Hand Cart
36:12 Bracer
36:34 Leather Archer Armor
37:21 Forging
37:16 Scale Barding Armor
37:50 Gold Shaft Mining
37:27 Heavy Plow
38:30 Light Cavalry
39:11 Husbandry
39:47 Iron Casting
39:44 Ring Archer Armor
39:37 Town Watch
42:20 Blast Furnace
41:41 Chain Barding Armor
42:28 Hussar
46:01 Town Patrol
47:13 Sappers
47:06 Elite Shotel Warrior
58:20 Squires
58:05 Arson
63:34 Royal Heirs
[GG] Fred_The_Bodyguard
8:26 Loom
11:27 Feudal Age
15:30 Castle Age
14:30 Double-Bit Axe
14:27 Horse Collar
14:41 Gold Mining
18:54 Scale Mail Armor
19:08 Forging
19:07 Heavy Plow
21:57 Bow Saw
23:24 Wheelbarrow
23:30 Stone Mining
27:04 Hand Cart
26:36 Town Watch
31:07 Imperial Age
29:52 Gold Shaft Mining
29:50 Treadmill Crane
30:32 Ballistics
32:21 Onager
33:54 Masonry
34:26 Stone Shaft Mining
35:15 Crop Rotation
34:56 Siege Onager
37:36 Architecture
37:05 Capped Ram
38:17 Town Patrol
43:20 Tigui
48:30 Bloodlines
48:23 Husbandry
47:50 Heavy Camel Rider
49:31 Scale Barding Armor
50:02 Iron Casting
50:54 Chain Barding Armor
50:25 Fletching
53:06 Light Cavalry
Connection lost

Rejoining the realm…

Still unreachable

The connection could not be restored.

Session expired

The server has moved on; the page needs a fresh start.